 Dungeon Crawl Stone Soup version 0.31-a0-1529-g7bd419a0e5 (webtiles) character file.

Game seed: 11568160966375696545

44 dialectric the Ruffian (level 3, -2/33 HPs)
             Began as a Troll Shapeshifter on Jan 1, 2024.
             Incinerated by a bombardier beetle (4 damage)
             ... with a burning spray
             ... on level 3 of the Dungeon.
             The game lasted 00:01:26 (1667 turns).

dialectric the Ruffian (Troll Shapeshifter)         Turns: 1667, Time: 00:01:27

Health: -2/33      AC:  4    Str: 22    XL:     3   Next: 39%
Magic:  2/2        EV: 10    Int:  6    God:
Gold:   41         SH:  0    Dex: 11    Spells: 2/2 levels left

rFire   . .          .
                       - Unarmed
rCold   . . .        (no shield)
rNeg    . . .        a - +0 animal skin
rPois   .            (helmet currently unavailable)
rElec   .            t - melded +2 cloak
rCorr   .            (gloves unavailable)
SInv    .            (boots unavailable)
Will    .....        (no amulet)
Stlth   +            (no ring)
HPRegen 1.05/turn    (no ring)
MPRegen 0.08/turn

%: no passive effects
@: on fire, beast-form, hasted, glowing, very quick
A: beast (slay +1), large, unfitting armour, claws 3, regeneration 1, shaggy fur
1, tough skin 1
a: Begin Untransformation


You were on level 3 of the Dungeon.
You were a hulking beast.
You visited 1 branch of the dungeon, and saw 3 of its levels.

You collected 41 gold pieces.

Inventory:

Missiles
 k - 6 boomerangs (quivered)
Armour
 a - a +0 animal skin (worn)
 t - a +2 cloak (melded)
Jewellery
 f - a ring of flight
 p - a ring of wizardry
Talismans
 c - a beast talisman (active)
 d - a flux talisman
Scrolls
 e - 5 scrolls of identify {unknown}
 i - a scroll of brand weapon {unknown}
 j - 3 scrolls of enchant armour {unknown}
 m - a scroll of amnesia {unknown}
 q - a scroll of poison {unknown}
 r - 2 scrolls of teleportation {unknown}
Potions
 b - a potion of lignification
 h - a potion of cancellation {unknown}
 l - a potion of enlightenment {unknown}
 n - a potion of invisibility {unknown}
 o - a potion of curing {unknown}
 s - a potion of heal wounds {unknown}
 u - a potion of resistance {unknown}


   Skills:
 + Level 1.4 Fighting
 + Level 0.0 Armour
 + Level 2.0 Dodging
 + Level 3.4 Unarmed Combat
 + Level 3.3 Shapeshifting


You had 2 spell levels left.
You didn't know any spells.
Your spell library contained the following spells:

 Spells                   Type           Power      Damage    Failure   Level
 Apportation              Tloc           0%         N/A       45%         1
 Necrotise                Necr           0%         1d4       45%         1
 Sting                    Conj/Alch      0%         1d3       45%         1
 Summon Small Mammal      Summ           0%         N/A       45%         1
 Mercury Vapours          Alch/Air       0%         N/A       58%         2
 Mephitic Cloud           Conj/Alch/Air  0%         N/A       83%         3
 Freezing Cloud           Conj/Ice/Air   0%         6-21      100%        5


Dungeon Overview and Level Annotations

Branches:
Dungeon (3/15)

Altars:


Innate Abilities, Weirdness & Mutations

You are a hulking beast.
Your limbs bulge with bestial killing power. (Slay +1)
You are too large for most types of armour.
You have claws for hands.
Your natural rate of healing is unusually fast.
You are covered in fur. (AC +1)
You have tough skin. (AC +1)


Message History

The burning spray hits you.
You are covered in liquid fire!
You scratch the bombardier beetle.
The bombardier beetle is lightly wounded.
The liquid fire burns you!
The bombardier beetle bites you but does no damage.
You scratch the bombardier beetle.
The bombardier beetle is lightly wounded.
The liquid fire burns you!
You claw the bombardier beetle!
The bombardier beetle is heavily wounded.
The liquid fire burns you! The bombardier beetle bites you.
You scratch the bombardier beetle.
The bombardier beetle is almost dead.
The liquid fire burns you!
You scratch the bombardier beetle but do no damage.
The bombardier beetle is almost dead.
The liquid fire burns you! The bombardier beetle bites you.
You scratch the bombardier beetle but do no damage.
The bombardier beetle is almost dead.
The liquid fire burns you!
* * * LOW HITPOINT WARNING * * *
Unknown command.
You are too injured to fight recklessly!
You scratch the bombardier beetle but do no damage.
The bombardier beetle is almost dead.
The liquid fire burns you!
* * * LOW HITPOINT WARNING * * *
The bombardier beetle bites you.
* * * LOW HITPOINT WARNING * * *
The dart slug launches a dart at you. The slug dart hits you.
* * * LOW HITPOINT WARNING * * *
You are too injured to fight recklessly!
Unknown command.
It was a potion of haste.
You feel yourself speed up. The liquid fire burns you!
You die...

#.# .....
##.####.##.. ..#
#..............#
#.......##.##..#
###.##.##.#...#..#
#...#...#........#
#.#.......#... w.##
#.#.#...#..#.##...#
#.#.##.#.##...hB..#
#.#......##.#.##..#
#.##.##.#..#...# ##
#. #.#...#........#
#. #.......#...#...
#.#...#.##.##.##
#.##.##...... # .
.........## #
###.......#


You could see a bombardier beetle and a dart slug.

Vanquished Creatures
  A dart slug (D:2)
  A ribbon worm (D:2)
  3 ball pythons (D:1)
  4 bats
  3 endoplasms
  3 goblins
  3 hobgoblins
  2 jackals (D:2)
  4 kobolds
  6 quokkas
  A frilled lizard (D:1)
  4 rats (D:1)
35 creatures vanquished.

Notes
Turn   | Place    | Note
-------+----------+-------------------------------------------
     0 | D:1      | dialectric the Troll Shapeshifter began the quest for the
                  | Orb.
     0 | D:1      | Reached XP level 1. HP: 18/18 MP: 0/0
   197 | D:1      | Reached skill level 1 in Fighting
   273 | D:1      | Reached XP level 2. HP: 27/27 MP: 1/1
   979 | D:2      | Reached XP level 3. HP: 33/33 MP: 2/2
  1667 | D:3      | Incinerated by a bombardier beetle

Illustrated notes

Levels and vault maps discovered:
D:1:      evilmike_arrival_rings, layout_basic, hangedman_decor_opposing
D:2:      layout_loops_corners
D:3:      layout_basic, okawaru_metal_pillars_1_2,
          ebering_ghost_reflecting_pool, hangedman_decor_clover_reticule,
          grunt_ministairs_7, nicolae_shop_vocational

Skill      XL: |  1  2 |
---------------+-------+-----
Fighting       | 1 |  1.4
Dodging        | 2 |  2.0
Unarmed Combat | |  3.4
Shapeshifting  | |  3.3

Action                     || total
---------------------------++-------
  Melee: Unarmed           ||    82
Ability: Begin Untransform ||     1
    Use: Potion            ||     1
   Stab: Sleeping          ||     2
 Armour: Animal skin       ||    49
  Dodge: Dodged            ||    34
   Form: Beast             ||     1

Table legend: (Time is in decaauts)
 A = Elapsed time spent in this place.
 B = Non-inter-level travel time spent in this place.
 C = Inter-level travel time spent in this place.
 D = Time resting spent in this place.
 E = Time spent auto-exploring this place.
 F = Levels seen in this place.
 G = Mean time per level.
                   A        B        C        D        E       F      G
               +--------+--------+--------+--------+--------+-----+--------+
         Total |   1661 |   1640 |     21 |      0 |   1369 |   3 |  553.7 |
       Dungeon |   1661 |   1640 |     21 |      0 |   1369 |   3 |  553.7 |
               +--------+--------+--------+--------+--------+-----+--------+

Top non-repeatable levels by time:
     D:2: 841 daAuts
     D:1: 752 daAuts
     D:3: 68 daAuts
